 Dungeon Crawl Stone Soup version 0.30-a0-222-ge547ba4400 (webtiles) character file.

Game seed: 3514045991203088543

39020 dlkrklf the Unseen (level 13, -1/65 HPs)
             Began as a Spriggan Enchanter on Oct 9, 2022.
             Was a High Priest of Dithmenos.
             Slain by a centaur warrior (3 damage)
             ... on level 13 of the Dungeon.
             The game lasted 00:52:06 (14931 turns).

dlkrklf the Unseen (Spriggan Enchanter)            Turns: 14931, Time: 00:52:07

Health: -1/65      AC:  5    Str:  7    XL:     13   Next: 67%
Magic:  24/30      EV: 22    Int: 22    God:    Dithmenos [*****.]
Gold:   1418       SH:  0    Dex: 14    Spells: 26/37 levels left

rFire   + . .      SeeInvis +    k - +4 dagger (elec)
rCold   . . .      Faith    .    (no shield)
rNeg    . . .      Spirit   .    b - +1 robe
rPois   .          Reflect  .    (helmet restricted)
rElec   .          Harm     .    i - +1 cloak
rCorr   .          Rampage  .    (gloves unavailable)
Will    ++...                    (boots unavailable)
Stlth   ++++++++++               u - amulet of the acrobat
HPRegen 0.30/turn                n - ring of protection from fire
MPRegen 0.22/turn                c - +4 ring of slaying

@: mighty, hasted, wreathed by umbra, very quick
A: very small, no large weapons, unfitting armour, see invisible, speed 3,
clever 1, evolution 1, MP-powered wands
a: Renounce Religion, Shadow Step, Shadow Form


You were on level 13 of the Dungeon.
You worshipped Dithmenos.
Dithmenos was extremely pleased with you.
You visited 2 branches of the dungeon, and saw 14 of its levels.
You also visited: Bailey.

You collected 1914 gold pieces.
You spent 496 gold pieces at shops.

Inventory:

Hand Weapons
 a - a +1 dagger
 h - a +1 dagger of venom
 k - a +4 dagger of electrocution (weapon)
Missiles
 p - 4 datura-tipped darts
 v - 6 throwing nets (quivered)
 z - 2 atropa-tipped darts
Armour
 b - a +1 robe (worn)
 i - a +1 cloak (worn)
 s - a scarf of resistance
Jewellery
 c - a +4 ring of slaying (right hand)
 n - a ring of protection from fire (left hand)
 u - an amulet of the acrobat (around neck)
Wands
 j - a wand of polymorph (2)
 t - a wand of flame (18)
 x - a wand of charming (11)
 B - a wand of mindburst (4)
Scrolls
 e - 4 scrolls of teleportation
 r - 4 scrolls of butterflies
 w - 2 scrolls of blinking
 y - a scroll of amnesia
 E - a scroll of vulnerability
Potions
 d - 3 potions of curing
 f - 10 potions of brilliance
 l - 5 potions of haste
 m - 5 potions of lignification
 o - 5 potions of flight
 q - 3 potions of heal wounds
 A - 2 potions of magic
 D - a potion of ambrosia
 F - 2 potions of cancellation


   Skills:
 + Level 6.4 Fighting
 - Level 12.0 Short Blades
 + Level 10.4 Dodging
 + Level 15.2 Stealth
 + Level 12.6 Spellcasting
 + Level 12.9 Hexes


You had 26 spell levels left.
You knew the following spells:

 Your Spells              Type           Power      Damage    Failure   Level
a - Ensorcelled Hibernat  Hex/Ice        84%        N/A       1%          2
b - Tukima's Dance        Hex            63%        N/A       1%          3
c - Dazzling Flash        Conj/Hex       84%        N/A       1%          3
d - Confusing Touch       Hex            63%        N/A       1%          3

Your spell library contained the following spells:

 Spells                   Type           Power      Damage    Failure   Level
 Sandblast                Erth           26%        2d8       4%          1
 Sting                    Tmut/Pois      52%        1d5       4%          1
 Cigotuvi's Dreadful Rot  Necr/Pois/Air  26%        N/A       7%          2
 Passwall                 Tmut/Erth      10%        N/A       7%          2
 Poisonous Vapours        Pois/Air       26%        N/A       7%          2
 Silence                  Hex/Air        21%        N/A       9%          5
 Summon Mana Viper        Hex/Summ       42%        N/A       9%          5
 Gell's Gravitas          Tloc           13%        N/A       14%         3
 Ignite Poison            Fire/Tmut/Pois 13%        N/A       14%         3
 Lesser Beckoning         Tloc           26%        N/A       14%         3
 Mephitic Cloud           Conj/Pois/Air  13%        N/A       14%         3
 Stone Arrow              Conj/Erth      26%        3d8       14%         3
 Teleport Other           Tloc           13%        N/A       14%         3
 Vhi's Electric Charge    Tloc/Air       26%        N/A       14%         3
 Olgreb's Toxic Radiance  Pois           13%        N/A       43%         4
 Sticky Flame             Conj/Fire      13%        2d4       43%         4
 Summon Ice Beast         Ice/Summ       13%        N/A       43%         4
 Agony                    Necr           13%        N/A       78%         5
 Arcjolt                  Conj/Air       6%         1d16      78%         5
 Fireball                 Conj/Fire      6%         3d5       78%         5
 Iskenderun's Battlesphe  Conj           13%        2d7       78%         5
 Conjure Ball Lightning   Conj/Air       6%         3x3d6     100%        6
 Iron Shot                Conj/Erth      6%         9d2       100%        6
 Monstrous Menagerie      Summ           6%         N/A       100%        7
 Orb of Destruction       Conj           6%         9d6       100%        7
 Spellforged Servitor     Conj/Summ      6%         N/A       100%        7
 Ignition                 Fire           6%         3d4       100%        8
 Maxwell's Capacitive Co  Air            6%         ∞         100%        8


Dungeon Overview and Level Annotations

Branches:
Dungeon (13/15)            Temple (1/1) D:7            Lair (0/5) D:9
    Orc (0/2) D:10         Vaults (0/5) D:13         Bailey (visited)

Altars:
Dithmenos
Elyvilon
Fedhas
Hepliaklqana
Makhleb
Nemelex Xobeh
Qazlal
Trog
Wu Jian
Xom
The Shining One

Shops:
D:9 (   D:10 !([

Annotations:
D:12 Rupert
D:13 Nessos


Innate Abilities, Weirdness & Mutations

You are very small and have problems with some larger weapons.
You are too small for most types of armour.
You have supernaturally acute eyesight. (SInv)
You cover ground extremely quickly. (Speed+++)
Your mind is acute. (Int +4, Str/Dex -1)
You have hidden genetic potential.
You expend magic power (3 MP) to strengthen your wands.


Message History

You are too injured to fight recklessly!
You puncture the tengu conjurer!
Lightning courses through the tengu conjurer!
The tengu conjurer is almost dead.
The tengu conjurer hits you. The tengu conjurer pecks you.
The tengu conjurer completely misses you.
Unknown command.
You puncture the tengu conjurer!
Lightning courses through the tengu conjurer!
You kill the tengu conjurer!
Dithmenos accepts your kill.
Nessos gestures wildly while chanting.
Nessos seems to speed up.
The centaur warrior shoots an arrow.
The arrow completely misses you.
You puncture Nessos!
Nessos is lightly wounded.
Your shadow hits Nessos but does no damage.
The tengu conjurer completely misses you.
The tengu conjurer pecks you but does no damage.
The tengu conjurer claws you.
Unknown command.
You puncture Nessos! Lightning courses through Nessos!
Nessos is heavily wounded.
Nessos casts a spell.
Nessos blinks!
Unknown command.
Unknown command.
Unknown command.
Unknown command.
Unknown command.
You closely miss the centaur warrior.
Nessos wields a +1 longbow of flaming.
It bursts into flame!
Nessos shoots an arrow.
The arrow hits you!
* * * LOW HITPOINT WARNING * * *
You emit a cloud of dark smoke.
The arrow burns you.
* * * LOW HITPOINT WARNING * * *
The centaur warrior unwields a +0 longbow.
The centaur warrior hits you.
* * * LOW HITPOINT WARNING * * *
The centaur warrior kicks you.
You die...

... .# ... .... .#.....
....######'#.....
......c.........#
...............#
#............#
#..pc§.......#
#...Q@.......#
#.....§......#
.....##...##............#
......#...#######.......#
......#.........'p..)...#
......#.........#.......#
......#.........#...p...#
......#.........#.......#
......#.........#.......#


You could see Nessos (fast), a centaur warrior, 3 humans and a tengu conjurer.

Vanquished Creatures
  An orc warlord (Bailey)
  Azrael (D:13)
  Josephine (D:11)
  Erolcha (D:13)
  Harold (D:9)
  2 two-headed ogres
  3 centaur warriors (D:13)
  A boulder beetle (D:13)
  4 orc knights
  2 manticores
  A cyclops (D:12)
  2 unseen horrors
  A tengu conjurer (D:13)
  3 trolls
  A hornet (D:8)
  6 slime creatures
  2 shadows
  A wyvern (D:9)
  7 fire elementals
  6 wraiths
  2 basilisks
  23 yaks
  2 steam dragons
  4 humans (D:13)
  6 vampire mosquitoes
  Menkaure (D:6)
  An acid dragon (D:11)
  A water moccasin (D:7)
  A hell hound (D:13)
  13 orc warriors
  3 ice beasts
  2 black bears
  3 ogres (D:5)
  4 centaurs
  2 phantoms (D:4)
  4 bullfrogs
  Blork the orc (D:6)
  A gnoll sergeant (D:12)
  4 scorpions
  A wight (D:8)
  4 killer bees (D:10)
  4 howler monkeys
  A crimson imp (D:9)
  6 hounds
  6 orc priests
  A jelly (D:6)
  2 iguanas (D:5)
  Terence (D:2)
  17 orc wizards
  Robin (D:3)
  22 gnolls
  7 adders
  A white imp (D:8)
  2 ufetubi
  A worm (D:2)
  5 dart slugs
  76 orcs
  5 bats
  10 endoplasms
  A giant cockroach (D:1)
  24 goblins
  16 hobgoblins
  4 jackals
  5 quokkas
  9 ball pythons
  A frilled lizard (D:2)
  5 kobolds
  2 rats
365 creatures vanquished.

Vanquished Creatures (collateral kills)
  A two-headed ogre (D:11)
  An orc knight (D:10)
  A deep elf pyromancer (D:10)
  Sigmund (D:2)
  Edmund (D:6)
  2 orc warriors (Bailey)
  2 gnoll sergeants (D:11)
  2 wights (D:8)
  An orc priest (D:9)
  2 orc wizards
  3 gnolls
  A white imp (D:5)
  9 orcs
  A ball python (D:2)
  A bat (D:2)
  10 goblins
  5 hobgoblins (Bailey)
  A jackal (D:3)
45 creatures vanquished.

Vanquished Creatures (others)
  12 dancing weapons
  A golden eye (shapeshifter) (D:13)
  A fungus (D:3)
  7 plants
21 creatures vanquished.

Grand Total: 431 creatures vanquished

Notes
Turn   | Place    | Note
-------+----------+-------------------------------------------
     0 | D:1      | dlkrklf the Spriggan Enchanter began the quest for the Orb.
     0 | D:1      | Reached XP level 1. HP: 9/9 MP: 5/5
   258 | D:1      | Reached XP level 2. HP: 12/13 MP: 7/7
   262 | D:1      | Learned a level 2 spell: Ensorcelled Hibernation
   664 | D:1      | Reached XP level 3. HP: 16/16 MP: 9/9
   668 | D:1      | Learned a level 3 spell: Tukima's Dance
   672 | D:1      | Learned a level 3 spell: Confusing Touch
  1031 | D:2      | Noticed Sigmund
  1040 | D:2      | Killed Sigmund
  1041 | D:2      | Reached skill level 5 in Spellcasting
  1041 | D:2      | Reached skill level 5 in Hexes
  1041 | D:2      | Reached XP level 4. HP: 21/21 MP: 3/12
  1041 | D:2      | Reached XP level 5. HP: 24/24 MP: 3/13
  1283 | D:2      | Found an ornate altar of the Wu Jian Council.
  1285 | D:2      | Noticed Terence
  1301 | D:2      | Killed Terence
  1988 | D:3      | Reached XP level 6. HP: 28/28 MP: 15/15
  2154 | D:3      | Reached skill level 5 in Stealth
  2321 | D:3      | Noticed Robin
  2358 | D:3      | Killed Robin
  2697 | D:3      | Found a faded altar of an unknown god.
  2702 | D:3      | Learned a level 3 spell: Dazzling Flash
  3256 | D:4      | Found a bloodstained altar of Trog.
  3256 | D:4      | Found a white marble altar of Elyvilon.
  3257 | D:4      | Found a blossoming altar of Fedhas.
  3257 | D:4      | Found a shadowy altar of Dithmenos.
  3267 | D:4      | Became a worshipper of Dithmenos the Shadowed
  3331 | D:4      | Reached skill level 6 in Stealth
  3372 | D:4      | Reached XP level 7. HP: 32/32 MP: 14/17
  3676 | D:4      | Found a stormy altar of Qazlal.
  3890 | D:4      | Reached skill level 7 in Stealth
  3983 | D:5      | Entered Level 5 of the Dungeon
  4301 | D:5      | Reached skill level 8 in Stealth
  4301 | D:5      | Reached XP level 8. HP: 36/36 MP: 15/20
  4338 | D:5      | Reached * piety under Dithmenos
  4677 | D:5      | Reached skill level 9 in Stealth
  5097 | D:6      | Noticed Edmund
  5104 | D:6      | Killed Edmund
  5105 | D:6      | Reached skill level 10 in Stealth
  5168 | D:6      | Noticed Menkaure
  5185 | D:6      | Reached XP level 9. HP: 39/39 MP: 19/23
  5220 | D:6      | Killed Menkaure
  5341 | D:6      | Reached ** piety under Dithmenos
  5596 | D:6      | Found a glowing golden altar of the Shining One.
  5899 | D:6      | Noticed Blork the orc
  5905 | D:6      | Found a faded altar of an unknown god.
  5906 | D:6      | Found a hazy altar of Hepliaklqana.
  5908 | D:6      | Killed Blork the orc
  5909 | D:6      | Reached skill level 1 in Fighting
  6127 | D:7      | Found a staircase to the Ecumenical Temple.
  6138 | Temple   | Entered the Ecumenical Temple
  6959 | D:8      | Reached skill level 11 in Stealth
  7043 | D:8      | Reached skill level 10 in Hexes
  7102 | D:8      | Paralysed by a hornet for 1 turns
  7106 | D:8      | Reached skill level 5 in Dodging
  7363 | D:8      | Gained mutation: You are partially covered in iridescent
                  | scales. (AC +2) [potion of mutation]
  7363 | D:8      | Gained mutation: You occasionally lose the ability to read
                  | scrolls when taking damage. [potion of mutation]
  7391 | D:8      | Reached XP level 10. HP: 21/47 MP: 21/24
  7401 | D:8      | Reached skill level 10 in Spellcasting
  7403 | D:8      | Reached *** piety under Dithmenos
  7698 | D:8      | Found a sparkling altar of Nemelex Xobeh.
  7897 | D:9      | Noticed a two-headed ogre
  7924 | D:9      | Killed a two-headed ogre
  7925 | D:9      | Reached skill level 12 in Stealth
  7944 | D:9      | Found Xaytacvo's Weapon Shop.
  8059 | D:9      | Found a shimmering altar of Xom.
  8060 | D:9      | Found a burning altar of Makhleb.
  8164 | D:9      | Found a staircase to the Lair.
  8192 | D:9      | Noticed Harold
  8217 | D:9      | Killed Harold
  8218 | D:9      | Reached skill level 5 in Short Blades
  8937 | D:9      | Identified a scroll of acquirement
  8937 | D:9      | Acquired 882 gold pieces
  8977 | D:10     | Entered Level 10 of the Dungeon
  8998 | D:10     | Reached XP level 11. HP: 33/53 MP: 26/26
  9093 | D:10     | Noticed an orc knight
  9100 | D:10     | Found Zaneidwo's Armour Shop.
  9100 | D:10     | Found a staircase to the Orcish Mines.
  9112 | D:10     | Found Ryixzugh's Weapon Shop.
  9277 | D:10     | Reached **** piety under Dithmenos
  9341 | D:10     | Noticed a two-headed ogre
  9375 | D:10     | Found a flagged portal.
  9391 | Bailey   | Entered a bailey
  9719 | Bailey   | Reached skill level 13 in Stealth
 10207 | Bailey   | Lost mutation: You occasionally lose the ability to read
                  | scrolls when taking damage. [potion of mutation]
 10207 | Bailey   | Lost mutation: You are partially covered in iridescent
                  | scales. (AC +2) [potion of mutation]
 10207 | Bailey   | Gained mutation: You do not regenerate when monsters are
                  | visible. [potion of mutation]
 10231 | Bailey   | Noticed an orc warlord
 10233 | Bailey   | Noticed an orc knight
 10312 | Bailey   | HP: 1/54 [orc warlord (30)]
 10335 | Bailey   | Killed an orc knight
 10342 | Bailey   | Killed an orc warlord
 10525 | Bailey   | Identified the +7 morningstar "Vauril" {vorpal, *Rage rElec
                  | rC+ Dex+7}
 10568 | D:10     | Killed a two-headed ogre
 10691 | D:10     | Found Juinabb's Distillery.
 10709 | D:10     | Reached ***** piety under Dithmenos
 10711 | D:10     | Bought a potion of haste for 160 gold pieces
 10711 | D:10     | Bought a potion of heal wounds for 80 gold pieces
 10711 | D:10     | Bought 2 potions of ambrosia for 256 gold pieces
 10766 | D:10     | Noticed a deep elf pyromancer
 10815 | D:10     | Noticed an orc knight
 10905 | D:10     | Killed a deep elf pyromancer
 10953 | D:10     | Killed an orc knight
 10954 | D:10     | Reached skill level 5 in Fighting
 11042 | D:10     | Killed an orc knight
 11258 | D:10     | Noticed an orc knight
 11264 | D:10     | Killed an orc knight
 11521 | D:11     | Reached skill level 14 in Stealth
 11744 | D:11     | Noticed a two-headed ogre
 11758 | D:11     | Reached XP level 12. HP: 36/60 MP: 5/28
 11762 | D:11     | Killed a two-headed ogre
 11961 | D:11     | Identified the +1 scale mail "Muaschiomi" {Contam MP+9
                  | Dex+5 Stlth+}
 11978 | D:11     | HP: 3/60 [centaur/bolt of light (20)]
 12143 | D:11     | Reached XP level 13. HP: 64/64 MP: 29/29
 12251 | D:11     | Noticed Josephine
 12429 | D:11     | Killed Josephine
 13775 | D:13     | Noticed Rupert
 13775 | D:13     | Noticed Nessos
 13775 | D:13     | Found a gate to the Vaults.
 14017 | D:13     | Noticed Azrael
 14037 | D:13     | Noticed Erolcha
 14049 | D:13     | Killed Azrael
 14050 | D:13     | Reached skill level 10 in Dodging
 14071 | D:13     | Killed Erolcha
 14580 | D:13     | Reached skill level 15 in Stealth
 14858 | D:13     | Lost mutation: You do not regenerate when monsters are
                  | visible. [potion of mutation]
 14858 | D:13     | Gained mutation: Your mind is acute. (Int +4, Str/Dex -1)
                  | [potion of mutation]
 14858 | D:13     | Gained mutation: You have hidden genetic potential. [potion
                  | of mutation]
 14858 | D:13     | Gained mutation: You expend magic power (3 MP) to
                  | strengthen your wands. [potion of mutation]
 14931 | D:13     | HP: 2/65 [centaur warrior (3)]
 14931 | D:13     | Slain by a centaur warrior

Illustrated notes

Levels and vault maps discovered:
D:1:      moated_graveyard_arrival, layout_loops_corners
D:2:      wad_lake_hut, layout_rooms, basic_altar, grunt_decor_junction,
          uniq_sigmund, uniq_terence
D:3:      kennysheep_goblin_castle, layout_loops_ring,
          shapermc_ecumenical_altar_ellora
D:4:      layout_loops_cross, nicolae_qazlal_eye_of_the_storm,
          chequers_temple_overflow_statue_of_worship, palyth_stone_intersect,
          minmay_puff
D:5:      layout_basic, hex_tiny, minmay_starry_boxes
D:6:      layout_loops_ring, beargit_hepliaklqana_dungeon_heroes,
          nicolae_tso_carved_into_rock, st_stairs_11, uniq_edmund, uniq_menkaure
D:7:      layout_gridville, minmay_temple_entry_arrows,
          amcnicky_mini_rare_corridor_liquid
D:8:      layout_rooms, nemelex_altar_shiori
D:9:      layout_loops_ring, grunt_temple_overflow_champion_of_chaos,
          lair_entry_dummy, serial_shops, shop, uniq_harold
D:10:     layout_roguey [special_room_orc], orc_david_3, enter_bailey_4,
          serial_shops, shop, minmay_fractal_squares_gapless_7
D:11:     layout_cave_pools, uniq_josephine
D:12:     layout_stronghold, hangedman_glass_teeth, minmay_misc_feat_nine_boxes
D:13:     layout_gridville, david_vaults_3, special_room [special_room_bee],
          uniq_azrael, uniq_erolcha
Temple:   ebering_untended_altars

Skill      XL: |  1  2  3  4  5  6  7  8  9 10 11 12 13 |
---------------+----------------------------------------+-----
Spellcasting   | 3 5 6 7 9 10 11 12 | 12.6
Hexes          | 4 5 6 7 9 10 11 12 | 12.9
Stealth        | 6 8 10 11 12 14 15 | 15.2
Dodging        | 5 7 9 10 | 10.4
Fighting       | 2 4 5 6 |  6.4
Short Blades   | 3 5 7 11 12 | 12.0

Action                   |  1- 3 |  4- 6 |  7- 9 | 10-12 | 13-15 || total
-------------------------+-------+-------+-------+-------+-------++-------
Melee: Dagger            |    86 |   162 |   287 |   425 |   222 ||  1182
       Punch             |     3 |     3 |     7 |     8 |     3 ||    24
Throw: Throwing net      |       |       |       |     1 |       ||     1
 Cast: Ensorcelled Hiber |     3 |     5 |    25 |    56 |    23 ||   112
       Tukima's Dance    |     1 |     6 |     9 |    50 |    13 ||    79
       Confusing Touch   |     1 |     2 |     5 |     9 |    12 ||    29
Evoke: Wand              |       |       |       |    16 |     3 ||    19
  Use: Scroll            |     6 |     4 |    11 |    12 |     1 ||    34
       Potion            |       |       |     2 |    10 |     7 ||    19
 Stab: Sleeping          |    16 |    13 |    30 |    33 |    24 ||   116
       Confused          |     1 |     1 |     4 |     5 |    10 ||    21
       Distracted        |       |     1 |     1 |     4 |     1 ||     7
       Invisible         |       |       |       |       |     5 ||     5
Armor: Robe              |     3 |    31 |    32 |    22 |    13 ||   101
Dodge: Dodged            |    45 |   117 |   170 |   370 |   201 ||   903

Table legend: (Time is in decaauts)
 A = Elapsed time spent in this place.
 B = Non-inter-level travel time spent in this place.
 C = Inter-level travel time spent in this place.
 D = Time resting spent in this place.
 E = Time spent auto-exploring this place.
 F = Levels seen in this place.
 G = Mean time per level.
                   A        B        C        D        E       F      G
               +--------+--------+--------+--------+--------+-----+--------+
         Total |  11062 |  10745 |    317 |   1182 |   6654 |  15 |  737.5 |
       Dungeon |  10033 |   9716 |    317 |    652 |   6485 |  13 |  771.8 |
        Temple |      1 |      1 |      0 |      0 |      0 |   1 |    1.0 |
        Bailey |   1026 |   1026 |      0 |    530 |    169 |   1 | 1026.0 |
               +--------+--------+--------+--------+--------+-----+--------+

Top non-repeatable levels by time:
    D:10: 1198 daAuts
    D:12: 1109 daAuts
  Bailey: 1026 daAuts
    D:11: 969 daAuts
     D:8: 780 daAuts
     D:9: 762 daAuts
     D:3: 738 daAuts
     D:6: 713 daAuts
     D:1: 697 daAuts
     D:5: 694 daAuts
     D:2: 690 daAuts
     D:7: 663 daAuts
     D:4: 656 daAuts
    D:13: 359 daAuts
  Temple: 1 daAuts
